 Dungeon Crawl Stone Soup version 0.19.0-24-gb05acd6 (webtiles) character file.

63 Patate the Sneak (level 3, 0/18 HPs)
             Began as a Spriggan Assassin on Nov 21, 2016.
             Killed from afar by Natasha (5 damage)
             ... with a magic dart
             ... on level 3 of the Dungeon.
             The game lasted 00:05:22 (2049 turns).

Patate the Sneak (Spriggan Assassin)                Turns: 2049, Time: 00:05:23

Health: 0/18       AC:  4    Str:  7    XL:     3   Next: 87%
Magic:  4/4        EV: 17    Int: 12    God:
Gold:   107        SH:  0    Dex: 18    Spells: 0 memorised, 2 levels left

rFire  . . .     SeeInvis +     b - +0 blowgun
rCold  . . .     Gourm    .     c - +0 robe
rNeg   . . .     Faith    .     (shield restricted)
rPois  .         Spirit   .     s - +0 hat
rElec  .         Reflect  .     d - +1 cloak
rCorr  .         Harm     .     (gloves unavailable)
MR     .....                    (boots unavailable)
Stlth  ++++......               (no amulet)
                                (no ring)
                                (no ring)

@: very quick
A: unfitting armour, see invisible, herbivore 3, speed 3, slow metabolism 2
a: no special abilities


You were on level 3 of the Dungeon.
You were not hungry.

You visited 1 branch of the dungeon, and saw 3 of its levels.

You collected 107 gold pieces.

Inventory:

Hand Weapons
 a - a +2 dagger
 b - a +0 blowgun (weapon)
Missiles
 e - 5 poisoned needles (quivered)
 f - 2 curare-tipped needles
Armour
 c - a +0 robe (worn)
 d - a +1 cloak (worn)
 s - a +0 hat (worn)
Scrolls
 h - a scroll of fog {unknown}
 k - a scroll of recharging {unknown}
 l - 4 scrolls of teleportation
 p - a scroll of amnesia {unknown}
 r - a scroll of remove curse {unknown}
Potions
 i - 4 potions of cancellation {unknown}
 j - a potion of agility
 m - a potion of invisibility {unknown}
 n - a potion of curing {unknown}
 o - 2 potions of haste {unknown}
 q - a potion of resistance {unknown}
Comestibles
 g - 3 bread rations


   Skills:
 - Level 1.5 Fighting
 + Level 3.1 Short Blades
 - Level 2.0 Throwing
 - Level 1.5 Dodging
 * Level 7.7 Stealth


You had 2 spell levels left.
You didn't know any spells.

Dungeon Overview and Level Annotations

Branches:
Dungeon (3/15)

Altars:
Ashenzari

Annotations:
D:3 Natasha


Innate Abilities, Weirdness & Mutations

You are very small and have problems with some larger weapons.
You are too small for most types of armour.
You have supernaturally acute eyesight. (SInv)
You are a herbivore.
You cover ground extremely quickly.
You need consume almost no food.


Message History

You shoot a poisoned needle. The poisoned needle hits Natasha.
Natasha is poisoned.
Natasha is lightly wounded.
The crimson imp blinks!
Natasha claws you. The shadow imp hits you.
* * * LOW HITPOINT WARNING * * *
The shadow imp misses you.
You open the large door. The shadow imp misses you.
Natasha mumbles some strange words.
The crimson imp summons a swarm of flies.
Natasha howls an incantation.
Natasha's front paws start to glow.
Natasha looks more healthy.
The crimson imp shouts, "Fly, thou horrid onion-eyed bootstain!"
The shadow imp shouts, "Leave, thou venomed mumble-news gnoll-tail!"
There is an open door here.
Natasha stares at you and mumbles some strange words.
The magic dart hits you!
You die...

#.†.†.......##+##
##.##.##.........#
####......#..##.....#
#.........#..5......#
...###...###...##'## .
...#⌠.#.'.#.h#..##'###
.... #.........#..5h...#
#...###.........####....#
#.......@...#...#....#
#...'..._...'...#....#
#...#.......#...#....#
.#.###.......#####.5.$#
..............#.......#
##+...⌠.##'##.⌠........#
.####
#...####.†..###.###.#.#
..... #......#...#....#
#5#.# ......#.#
#..#...#....# #.#..


You could see Natasha.

Vanquished Creatures
  Natasha (D:3)
  An adder (D:2)
  A dart slug (D:1)
  2 giant cockroaches
  3 goblins
  4 hobgoblins
  2 kobolds
  2 bats
  2 frilled lizards
  10 rats
28 creatures vanquished.

Notes
Turn   | Place    | Note
-------+----------+-------------------------------------------
     0 | D:1      | Patate the Spriggan Assassin began the quest for the Orb.
     0 | D:1      | Reached XP level 1. HP: 10/10 MP: 2/2
    23 | D:1      | Reached skill level 6 in Stealth
   367 | D:1      | Reached XP level 2. HP: 14/14 MP: 3/3
   732 | D:1      | You fall through a shaft!
   809 | D:2      | Reached skill level 7 in Stealth
  1444 | D:2      | Reached XP level 3. HP: 18/18 MP: 4/4
  1511 | D:2      | Found a faded altar of an unknown god.
  1965 | D:3      | Found a shattered altar of Ashenzari.
  1993 | D:3      | Noticed Natasha
  1996 | D:3      | Killed Natasha
  2013 | D:3      | Noticed Natasha
  2049 | D:3      | Killed from afar by Natasha

Skill      XL: |  1  2  3 |
---------------+----------+-----
Stealth        | 6 7 |  7.7
Short Blades   | 3 |  3.1
Fighting       | |  1.5
Throwing       | |  2.0
Dodging        | |  1.5

Action                   || total
-------------------------++-------
Melee: Dagger            ||    74
 Fire: Blowgun           ||    11
  Use: Scroll            ||     4
 Stab: Sleeping          ||     8
Armor: Robe              ||    13
Dodge: Dodged            ||    72
